 Dungeon Crawl Stone Soup version 0.27.1-34-g3ba077fa99 (webtiles) character file.

Game seed: 3700982201358583787

51 McKennaii the Shield-Bearer (level 3, 0/29 HPs)
             Began as a Demonspawn Fighter on Jan 15, 2022.
             Hit by a boomerang thrown by an orc (2 damage)
             ... on level 2 of the Dungeon.
             The game lasted 00:01:42 (1664 turns).

McKennaii the Shield-Bearer (Demonspawn Fighter)    Turns: 1664, Time: 00:01:43

Health: 0/29       AC:  9    Str: 17    XL:     3   Next: 57%
Magic:  3/3        EV:  4    Int:  9    God:
Gold:   13         SH:  9    Dex: 12    Spells: 2/2 levels left

rFire    . . .     SeeInvis .   a - +0 trident
rCold    . . .     Faith    .   c - +0 kite shield
rNeg     . . .     Spirit   .   g - +0 chain mail
rPois    .         Reflect  .   (no helmet)
rElec    .         Harm     .   (no cloak)
rCorr    .         Rampage  .   (no gloves)
Will     .....                  (no boots)
Stlth    ..........             (no amulet)
HPRegen  0.09/turn              (no ring)
MPRegen  0.16/turn              (no ring)

@: no status effects
A: powered by death 1, magic regeneration
a: no special abilities


You were on level 2 of the Dungeon.
You visited 1 branch of the dungeon, and saw 2 of its levels.

You collected 13 gold pieces.

Inventory:

Hand Weapons
 a - a +0 trident (weapon)
Armour
 c - a +0 kite shield (worn)
 g - a +0 chain mail (worn)
Scrolls
 b - a scroll of teleportation {unknown}
 e - a scroll of immolation {unknown}
 f - a scroll of identify {unknown}
 i - a scroll of vulnerability {unknown}
 j - 2 scrolls of torment {unknown}
Potions
 d - a potion of might
 h - a potion of degeneration {unknown}


   Skills:
 - Level 3.0 Fighting
 * Level 2.8 Polearms
 + Level 3.1 Armour
 + Level 3.1 Shields


You had 2 spell levels left.
You didn't know any spells.
Your spell library was empty.

Dungeon Overview and Level Annotations

Branches:
Dungeon (2/15)

Altars:

Shops:
D:1 (

Annotations:
D:2 Natasha


Innate Abilities, Weirdness & Mutations

You regenerate a little health from kills.
You regenerate magic rapidly.


Message History

The magic dart hits you.
Natasha is nearby!
You barely miss Natasha.
Natasha zaps a wand.
You block the puff of flame. Natasha claws you but does no damage.
Your chain mail prevents you from hitting Natasha.
Natasha claws you.
You closely miss Natasha.
Natasha zaps a wand.
The puff of flame hits you. You block Natasha's attack.
You closely miss Natasha. You block Natasha's attack.
You closely miss Natasha. You block Natasha's attack.
You hit Natasha but do no damage.
Natasha stares at you and mumbles some strange words.
The magic dart hits you. You block Natasha's attack.
You closely miss Natasha. You block Natasha's attack.
You closely miss Natasha.
The orc shouts!
You hear a shout!
Natasha zaps a wand.
The puff of flame hits you!
The orc throws a boomerang.
You block the boomerang.
Natasha stares at you and mumbles some strange words.
The magic dart hits you but does no damage.
You are too injured to fight recklessly!
You are too injured to fight recklessly!
You are too injured to fight recklessly!
You are too injured to fight recklessly!
You are too injured to fight recklessly!
You are too injured to fight recklessly!
You are too injured to fight recklessly!
You are too injured to fight recklessly!
You are too injured to fight recklessly!
You are too injured to fight recklessly!
You are too injured to fight recklessly!
You are too injured to fight recklessly!
You are too injured to fight recklessly!
You are too injured to fight recklessly!
You closely miss Natasha.
The orc throws a boomerang.
You block the boomerang.
A hobgoblin comes into view.
Natasha zaps a wand.
The puff of flame hits you!
* * * LOW HITPOINT WARNING * * *
The orc throws a boomerang.
The boomerang hits you.
You die...

#.......## .
...#.....##### ###..
#####..#.....###...... .
## ##..................
.......##...†###........
######............).....
####......###.....
##.###..##..#
...##...@h..#
....#..###...# #......#
...# #....## ..o# #....
..... ... g..... ..
...#### ..## ........
.........


You could see Natasha, an orc and a hobgoblin (wandering).

Vanquished Creatures
  An adder (D:2)
  A worm (D:2)
  A dart slug (D:1)
  2 orcs (D:1)
  2 ball pythons
  4 endoplasms
  3 giant cockroaches (D:1)
  6 goblins
  A hobgoblin (D:1)
  A quokka (D:1)
  4 bats
  3 kobolds
  4 rats (D:1)
33 creatures vanquished.

Notes
Turn   | Place    | Note
-------+----------+-------------------------------------------
     0 | D:1      | McKennaii the Demonspawn Fighter began the quest for the
                  | Orb.
     0 | D:1      | Reached XP level 1. HP: 18/18 MP: 1/1
     2 | D:1      | Found Xagaamie's Antique Weapon Shoppe.
   247 | D:1      | Gained mutation: You regenerate a little health from kills.
                  | [demonic ancestry]
   247 | D:1      | Reached XP level 2. HP: 21/24 MP: 2/2
  1135 | D:2      | Gained mutation: You regenerate magic rapidly. [demonic
                  | ancestry]
  1135 | D:2      | Reached XP level 3. HP: 27/29 MP: 3/3
  1654 | D:2      | Noticed Natasha
  1664 | D:2      | Hit by a boomerang thrown by an orc

Illustrated notes

Levels and vault maps discovered:
D:1:      dpeg_arrival_tiny_i, layout_loops_corners, serial_shops,
          nicolae_shop_trees, kennysheep_another_room
D:2:      layout_rooms, uniq_natasha

Skill      XL: |  1  2 |
---------------+-------+-----
Polearms       | 2 |  2.8
Shields        | 3 |  3.1
Armour         | 3 |  3.1
Fighting       | |  3.0

Action                   || total
-------------------------++-------
Melee: Trident           ||   136
Armor: Scale mail        ||    13
       Chain mail        ||    55
Dodge: Dodged            ||    17
Block: Kite shield       ||    67
